 Dungeon Crawl Stone Soup version 0.16.0-17-g811c1d7 (webtiles) character file.

23 valak23 the Caller (level 2, -1/15 HPs)
             Began as a Tengu Summoner on Mar 21, 2015.
             Slain by an adder (2 damage)
             ... on level 2 of the Dungeon.
             The game lasted 00:06:20 (1097 turns).

valak23 the Caller (Tengu Summoner)                 Turns: 1097, Time: 00:06:20

Health: -1/15      AC:  6    Str:  8    XL:     2   Next: 95%
Magic:  6/6        EV: 12    Int: 15    God:
Gold:   73         SH:  0    Dex: 14    Spells: 1 memorised, 4 levels left

rFire  . . .     SeeInvis .     k - +1 dagger (drain)
rCold  . . .     Clarity  .     o - +1 robe
rNeg   . . .     SustAb   .     (no shield)
rPois  .         Gourm    .     (helmet restricted)
rElec  .         Spirit   .     d - +2 cloak
rCorr  .         Warding  .     (no gloves)
rMut   .         Stasis   .     (boots unavailable)
MR     .....                    (no amulet)
Stlth  ++........               (no ring)
                                (no ring)

@: not resistant to hostile enchantments, unstealthy
A: beak, talons 3
a: no special abilities


You were on level 2 of the Dungeon.
You were not hungry.

You visited 1 branch of the dungeon, and saw 2 of its levels.

You collected 73 gold pieces.

Inventory:

Hand weapons
 i - a +0 hunting sling
 k - a +1 dagger of draining (weapon)
Missiles
 h - 8 poisoned arrows
 m - a stone (quivered)
Armour
 a - a +0 robe
 d - a +2 cloak (worn)
 o - a +1 robe (worn)
Potions
 f - a potion of resistance {unknown}
 j - a potion of restore abilities {unknown}
 l - a potion of brilliance {unknown}
Books
 b - a book of Callings

   Spells                             Type                      Level
   a - Summon Small Mammal            Summoning                    1
   b - Call Imp                       Summoning                    2
   c - Call Canine Familiar           Summoning                    3
   d - Summon Guardian Golem          Hexes/Summoning              4
   e - Summon Lightning Spire         Summoning/Air                4
   f - Summon Ice Beast               Ice/Summoning                4
Comestibles
 c - a bread ration


   Skills:
 + Level 2.3 Dodging
 + Level 2.1 Stealth
 + Level 2.3 Spellcasting
 + Level 5.3 Summonings


You had 4 spell levels left.
You knew the following spells:

 Your Spells              Type           Power        Failure   Level  Hunger
a - Summon Small Mammal   Summ           ###.         2%          1    #......


Dungeon Overview and Level Annotations

Branches:
Dungeon (2/15)

Altars:


Innate Abilities, Weirdness & Mutations

You have a beak for a mouth.
You have claws for feet.


Message History

As you read the scroll labeled MIUVVU PSAI, it crumbles to dust.
It is a scroll of enchant weapon.
Enchant which weapon? (? for menu, Esc to quit)
Your +0 dagger of draining glows red for a moment.
Your surroundings suddenly seem different.
Found a hand crossbow and 21 gold pieces.
An adder and a hobgoblin come into view.
You closely miss the adder. Your peck misses the adder. The adder bites you.
The adder barely misses you.
You miss the adder. You peck the adder, but do no damage.
The adder bites you but does no damage. The hobgoblin hits you with a club.
You closely miss the adder. You claw the adder.
The adder is lightly wounded.
The adder barely misses you.
You hit the adder. Your kick misses the adder. Your peck misses the adder.
The adder is almost dead.
The adder bites you.
* * * LOW HITPOINT WARNING * * *
The hobgoblin closely misses you. The adder bites you.
You die...

.. ... .....
# ...... $#
......####.#
...........#
#......S...#
#......@g.#
#.........#
#.........#
#....$...)#
#.........#
.........#
#########


You could see an adder and a hobgoblin.

Vanquished Creatures
  A giant gecko (D:1)
  3 bats
  A hobgoblin (D:1)
  3 jackals (D:1)
  5 kobolds (D:1)
  2 rats
15 creatures vanquished.

Vanquished Creatures (collateral kills)
  2 giant cockroaches (D:1)
  4 hobgoblins (D:1)
  A bat (D:1)
  A kobold (D:1)
  2 rats (D:1)
10 creatures vanquished.

Vanquished Creatures (others)
  A quokka (D:1)
  A bat (D:1)
2 creatures vanquished.

Grand Total: 27 creatures vanquished

Notes
Turn   | Place    | Note
--------------------------------------------------------------
     0 | D:1      | valak23, the Tengu Summoner, began the quest for the Orb.
     0 | D:1      | Reached XP level 1. HP: 10/10 MP: 3/3
    78 | D:1      | Reached skill level 5 in Summonings
   187 | D:1      | Reached XP level 2. HP: 15/15 MP: 3/5
  1097 | D:2      | Slain by an adder

Action                   || total
-------------------------++-------
Melee: Unarmed           ||    17
       Dagger            ||    25
Throw: Stone             ||     1
 Cast: Summon Small Mamm ||    11
  Use: Scroll            ||     3
 Stab: Sleeping          ||     3
  Eat: Bread ration      ||     1
